Map: Tours du crépuscule

Players

IronPhoenix - Winner!

  • Race: Terran Terran
  • League: Bronze
  • Spawn Location: 1:00

zidar

  • Race: Zerg Zerg
  • League: Gold
  • Spawn Location: 7:00

VOD

Have the link to the VOD?

Description

Time

  • Played on: May 21, 2016, 8:48 a.m.
  • Length: 7:14
Show
View Real Time Build Order
Export as new Build Order

IronPhoenix Terran - Winner!

Build Orders:  

Get SALT Encoding   

  12  0:00  SCV  
  13  0:13  SCV  
  14  0:18  Supply Depot  
  14  0:25  Refinery  
  14  0:30  SCV  
  15  0:42  SCV  
  16  0:45  Barracks  
  16  0:54  SCV  
  17  1:06  SCV  
  18  1:18  SCV  
  19  1:30  SCV  
  20  1:33  Reaper  
  20  1:36  Supply Depot  
  21  1:42  SCV  
  22  2:04  Marine  
  23  2:16  Command Center  
  23  2:22  Marine  
  23  2:25  Factory  
  24  2:33  Orbital Command  
  24  2:40  Marine  
  25  2:58  Marine  
  26  3:11  Factory Tech Lab  
  26  3:16  Marine  
  27  3:30  Cyclone  
  27  3:33  Marine  
  31  3:36  Starport  
  31  3:38  Engineering Bay  
  31  3:43  Refinery, SCV  
  32  3:51  Marine  
  32  3:55  SCV  
  34  4:04  Barracks  
  34  4:07  SCV  
  34  4:09  Marine  
  36  4:16  Siege Tank  
  39  4:19  SCV, Starport Tech Lab  
  40  4:25  Refinery  
  40  4:28  Refinery  
  40  4:31  SCV  
  40  4:32  Marine  
  42  4:43  SCV  
  40  4:47  Terran Infantry Weapons Level 1  
  40  4:49  Marine, Liberator  
  41  4:55  Barracks Tech Lab, SCV  
  45  5:07  Marine  
  45  5:14  Supply Depot  
  46  5:17  Supply Depot  
  46  5:35  Marine, SCV, Siege Tank  
  51  5:38  Supply Depot  
  51  5:39  Marauder  
  51  5:40  Supply Depot  
  53  5:47  SCV  
  54  5:53  Marine  
  55  5:59  SCV  
  55  6:00  Marauder  
  55  6:02  Medivac  
  60  6:11  Marine  
  61  6:12  SCV  
  62  6:22  Marauder  
  62  6:24  SCV  
  65  6:32  Medivac  
  67  6:43  Marauder  
Show
View Real Time Build Order
Export as new Build Order

zidar Zerg 

Build Orders: Hatch First 

Get SALT Encoding   

  12  0:01  Drone  
  13  0:12  Overlord  
  13  0:17  Drone  
  14  0:30  Drone x2  
  14  0:34  Drone  
  17  0:56  Hatchery  
  17  0:57  Drone  
  17  1:01  Extractor  
  17  1:03  Drone  
  17  1:19  Spawning Pool  
  17  1:21  Drone  
  17  1:27  Drone  
  18  1:34  Drone  
  19  1:44  Overlord  
  19  1:50  Drone  
  20  2:01  Drone  
  21  2:05  Queen  
  23  2:09  Queen  
  23  2:14  Zergling x2  
  23  2:15  Zergling x2  
  26  2:21  Extractor  
  25  2:23  Metabolic Boost  
  25  2:40  Overlord x2  
  23  3:20  Zergling x22  
  34  3:28  Drone  
  35  3:36  Roach Warren  
  34  4:03  Drone x10  
  44  4:10  Overlord  
  44  4:24  Overlord  
  44  4:32  Roach x4  
  52  5:02  Roach x4  
  52  5:05  Overlord x3  
  60  5:25  Lair  
  60  5:31  Roach x5  
  60  5:32  Roach x4  
  77  5:43  Ravager  
  78  6:00  Extractor  
  77  6:06  Drone  
  77  6:07  Drone x5  
  83  6:15  Overlord x3  
  83  6:24  Overlord  
  83  6:25  Overlord  
  83  6:35  Ravager x2  
Tags
 
Add a new tag
Caveats
  • Supply blocks, unpowered buildings, or Contaminate may cause inaccurate times.
  • Supply counts are checked every 10 seconds.